 Dungeon Crawl Stone Soup version 0.26-a0-850-g97a50ab700 (webtiles) character file.

Game seed: 1130597220985530007

14779 robertstho the Cleaver (level 12, -1/115 HPs)
             Began as a Tengu Berserker on Nov 20, 2020.
             Was a High Priest of Trog.
             Succumbed to a black mamba's poison
             ... on level 1 of the Lair of Beasts.
             The game lasted 00:16:34 (12323 turns).

robertstho the Cleaver (Tengu Berserker)           Turns: 12323, Time: 00:16:34

Health: -1/115     AC: 15    Str: 22    XL:     12   Next: 20%
Magic:  2/13       EV: 13    Int:  8    God:    Trog [*****.]
Gold:   937        SH:  0    Dex: 14    Spells: 11/11 levels left

rFire    + . .     SeeInvis .   F - +3 battleaxe (freeze) (curse)
rCold    . . .     Faith    .   (shield currently unavailable)
rNeg     . . .     Spirit   +   z - +0 plate armour
rPois    .         Reflect  .   (helmet restricted)
rElec    .         Harm     .   (no cloak)
rCorr    .         Rampage  .   (no gloves)
MR       .....                  (boots unavailable)
Stlth    ..........             l - amulet of guardian spirit
HPRegen  0.29/turn              r - ring of protection from fire
MPRegen  0.13/turn              (no ring)

@: berserking, lethally poisoned (-1 -> -46), flying quickly and evasively, very
quick
A: beak, talons 3, able to fly
a: Stop Flying, Berserk, Trog's Hand, Brothers in Arms, Renounce Religion


You were on level 1 of the Lair of Beasts.
You worshipped Trog.
Trog was extremely pleased with you.
You visited 2 branches of the dungeon, and saw 13 of its levels.

You collected 937 gold pieces.

Inventory:

Hand Weapons
 w - a +5 war axe
 D - a +3 scimitar of flaming
 F - a cursed +3 battleaxe of freezing (weapon)
Missiles
 o - 43 poisoned darts (quivered)
Armour
 z - a +0 plate armour (worn)
Jewellery
 l - an amulet of guardian spirit (around neck)
 r - a ring of protection from fire (left hand)
Wands
 u - a wand of acid (18)
 B - a wand of digging (6)
 C - a wand of iceblast (7)
Scrolls
 a - 2 scrolls of noise {unknown}
 c - 2 scrolls of enchant armour {unknown}
 d - 5 scrolls of magic mapping
 e - 11 scrolls of remove curse
 f - 6 scrolls of teleportation
 g - 2 scrolls of acquirement {unknown}
 j - 5 scrolls of enchant weapon {unknown}
 m - 3 scrolls of fear {unknown}
 n - 3 scrolls of fog
 p - a scroll of amnesia {unknown}
 x - a scroll of blinking {unknown}
 y - a scroll of random uselessness {unknown}
 A - 4 scrolls of immolation {unknown}
Potions
 b - a potion of haste
 h - a potion of might {unknown}
 i - 2 potions of heal wounds {unknown}
 k - 3 potions of curing
 q - a potion of resistance
 s - 3 potions of magic {unknown}
 t - 3 potions of mutation
 v - 3 potions of cancellation
 E - a potion of flight {unknown}


   Skills:
 * Level 10.1 Fighting
 + Level 12.5 Axes
 * Level 11.2 Armour
 * Level 8.6 Dodging
 + Level 0.9 Stealth
 + Level 0.1 Evocations


You had 11 spell levels left.
You didn't know any spells.
Your spell library was empty.

Dungeon Overview and Level Annotations

Branches:
Dungeon (12/15)            Temple (0/1) D:7            Lair (1/6) D:11
    Orc (0/2) D:11

Altars:
Dithmenos
Kikubaaqudgha
Makhleb
Nemelex Xobeh
Okawaru
Ru
Sif Muna
Trog
Xom
Zin
The Shining One
Beogh

Shops:
D:7 :   D:9 [

Annotations:
D:9 2 transporters, Melum's ghost, novice MiMo


Innate Abilities, Weirdness & Mutations

You have a beak for a mouth.
You have claws for feet.
You can fly continuously.


Message History

You feel sick. The black mamba bites you!
* * * LOW HITPOINT WARNING * * *
You are more poisoned.
The black mamba poisons you!
The black mamba bites you but does no damage.
The cane toad stings you!!
* * * LOW HITPOINT WARNING * * *
You slash the black mamba! You freeze the black mamba.
Your kick misses the black mamba.
The black mamba is moderately wounded.
You slash the cane toad!
The cane toad seems to slow down.
You freeze the cane toad.
* * * LOW HITPOINT WARNING * * *
You feel very sick.
The black mamba bites you but does no damage.
You slice the black mamba!! You freeze the black mamba.
You kill the black mamba!
Trog accepts your kill.
You closely miss the cane toad.
You die...

.### #. ...# ...##.
....# #..##.## .....
##### #..##.P# .?...#
....#
#..##.P#####.....#
##(##
#..##......$......
#.## #...#..P.#@#...##
#.)# #†^.#......F....#
#.####...##.##########
#.###...##...#
#.##........##
#........####
####.....# ##...P#
#.####


You could see a cane toad (slow).

Vanquished Creatures
  A boulder beetle (D:9)
  Erolcha (D:11)
  A centaur warrior (D:9)
  A two-headed ogre (D:9)
  An orc high priest (D:9)
  Pikel (D:4)
  An ugly thing (D:9)
  Joseph (D:9)
  2 black mambas (Lair:1)
  A cane toad (Lair:1)
  A troll (D:11)
  5 wyverns
  9 yaks
  A basilisk (D:11)
  6 water moccasins
  2 ice beasts
  5 orc warriors
  2 phantoms
  2 black bears
  4 ogres
  9 centaurs
  3 bullfrogs
  A big kobold (D:8)
  2 scorpions
  21 killer bees
  16 wights
  2 howler monkeys
  An electric eel (D:8)
  A bullfrog zombie (D:6)
  5 hounds
  9 orc priests
  4 jellies
  A quasit (D:9)
  2 centaur zombies
  2 bullfrog skeletons
  An iguana (D:11)
  4 worker ants
  16 orc wizards
  A killer bee zombie (D:8)
  A hound zombie (D:6)
  A hound skeleton (D:4)
  A worker ant zombie (D:11)
  7 gnolls
  10 adders
  2 shadow imps
  2 white imps
  An ooze (D:2)
  An adder skeleton (D:6)
  2 worms
  3 dart slugs
  8 leopard geckos
  47 orcs
  4 bats
  4 giant cockroaches
  9 goblins
  9 hobgoblins
  11 jackals
  11 kobolds
  5 quokkas
  5 frilled lizards
  A quokka skeleton (D:9)
  6 rats
300 creatures vanquished.

Vanquished Creatures (collateral kills)
  Erica (D:9)
  Harold (D:9)
  A black bear (D:9)
  4 orc warriors (D:10)
  A centaur skeleton (D:9)
  An orc wizard (D:9)
  A worker ant (D:9)
  15 orcs
25 creatures vanquished.

Vanquished Creatures (others)
  A wizard (D:6)
  12 fungi
  6 plants (Lair:1)
19 creatures vanquished.

Grand Total: 344 creatures vanquished

Notes
Turn   | Place    | Note
-------+----------+-------------------------------------------
     0 | D:1      | robertstho the Tengu Berserker began the quest for the Orb.
     0 | D:1      | Reached XP level 1. HP: 14/14 MP: 2/2
   279 | D:1      | Reached XP level 2. HP: 19/19 MP: 3/3
   740 | D:1      | Reached XP level 3. HP: 21/23 MP: 4/4
  1071 | D:2      | Reached ** piety under Trog
  1419 | D:2      | Reached XP level 4. HP: 26/29 MP: 5/5
  1498 | D:2      | Found a shadowy altar of Dithmenos.
  1684 | D:2      | Reached skill level 4 in Axes
  1777 | D:2      | Found a glowing golden altar of the Shining One.
  2011 | D:3      | Gained mutation: You can fly continuously. [Tengu growth]
  2011 | D:3      | Reached XP level 5. HP: 25/33 MP: 6/6
  2266 | D:3      | Found a sacrificial altar of Ru.
  2601 | D:4      | Noticed Pikel
  2601 | D:4      | Noticed a lemure
  2601 | D:4      | Noticed a lemure
  2601 | D:4      | Noticed a lemure
  2601 | D:4      | Noticed a lemure
  2609 | D:4      | Killed Pikel
  2610 | D:4      | Reached skill level 5 in Axes
  2610 | D:4      | Reached skill level 5 in Armour
  2610 | D:4      | Reached XP level 6. HP: 30/39 MP: 4/7
  2610 | D:4      | Reached XP level 7. HP: 34/44 MP: 4/8
  2935 | D:4      | Found a glowing silver altar of Zin.
  2961 | D:4      | Reached *** piety under Trog
  2965 | D:4      | Reached skill level 6 in Axes
  3267 | D:4      | Found a burning altar of Makhleb.
  3267 | D:4      | Found a shimmering blue altar of Sif Muna.
  3271 | D:4      | Found a shimmering altar of Xom.
  3640 | D:5      | Entered Level 5 of the Dungeon
  3831 | D:5      | Reached XP level 8. HP: 48/48 MP: 7/9
  3997 | D:5      | Found a sparkling altar of Nemelex Xobeh.
  4609 | D:5      | Reached skill level 5 in Fighting
  5035 | D:6      | Reached skill level 7 in Axes
  5394 | D:6      | Found a bloodstained altar of Trog.
  5398 | D:6      | Noticed a wizard
  5404 | D:6      | Killed a wizard
  5537 | D:6      | Reached XP level 9. HP: 45/55 MP: 8/10
  5645 | D:6      | Reached skill level 5 in Dodging
  5996 | D:7      | Reached **** piety under Trog
  6461 | D:7      | Found Guih's Book Emporium.
  6497 | D:7      | Found a staircase to the Ecumenical Temple.
  6509 | D:7      | Reached skill level 8 in Axes
  6834 | D:8      | Found an iron altar of Okawaru.
  6942 | D:8      | Reached XP level 10. HP: 64/64 MP: 7/11
  6957 | D:8      | Found an ancient bone altar of Kikubaaqudgha.
  7026 | D:8      | Reached skill level 9 in Axes
  7026 | D:8      | Reached ***** piety under Trog
  7443 | D:9      | Found a transporter.
  7443 | D:9      | Noticed Melum's ghost (novice MiMo)
  7447 | D:9      | Noticed a deep elf knight
  7479 | D:9      | Found Womm's Armour Shoppe.
  7503 | D:9      | Noticed Erica
  7526 | D:9      | Killed Erica
  7829 | D:9      | Found an iron altar of Okawaru.
  7829 | D:9      | Noticed a two-headed ogre
  7837 | D:9      | Killed a two-headed ogre
  7838 | D:9      | Reached skill level 10 in Axes
  8042 | D:9      | Found a transporter.
  8099 | D:9      | You are sucked into a shaft and drop 3 floors!
  8775 | D:11     | Found a staircase to the Lair.
  8780 | D:11     | Reached XP level 11. HP: 69/69 MP: 12/12
  8782 | D:11     | Reached skill level 11 in Axes
  8830 | D:11     | Noticed Erolcha
  8835 | D:11     | Killed Erolcha
  9280 | D:11     | Found a staircase to the Orcish Mines.
  9610 | D:10     | Entered Level 10 of the Dungeon
  9681 | D:10     | Reached skill level 10 in Armour
 10340 | D:10     | Found a roughly hewn altar of Beogh.
 10373 | D:10     | HP: 3/106 [orc priest/divine providence (15)]
 10382 | D:10     | HP: 1/71 [orc/+0 whip (2)]
 10902 | D:9      | Noticed Harold
 10912 | D:9      | Killed Harold
 10993 | D:9      | Found a shadowy altar of Dithmenos.
 10993 | D:9      | Found a burning altar of Makhleb.
 10994 | D:9      | Noticed a cyan ugly thing
 10994 | D:9      | Noticed a boulder beetle
 10994 | D:9      | Noticed a centaur warrior
 11003 | D:9      | Killed a cyan ugly thing
 11007 | D:9      | Killed a centaur warrior
 11008 | D:9      | Reached skill level 12 in Axes
 11110 | D:9      | Killed a boulder beetle
 11359 | D:9      | Noticed an orc high priest
 11367 | D:9      | Noticed a sun demon
 11369 | D:9      | Killed an orc high priest
 11668 | D:9      | Noticed Joseph
 11679 | D:9      | Killed Joseph
 11680 | D:9      | Reached XP level 12. HP: 77/77 MP: 13/13
 11881 | Lair:1   | Entered Level 1 of the Lair of Beasts
 11903 | Lair:1   | Reached skill level 10 in Fighting
 12321 | Lair:1   | HP: 4/115 [cane toad (17)]
 12322 | Lair:1   | HP: 1/115 [poisoned by a black mamba]
 12323 | Lair:1   | Succumbed to a black mamba's poison

Illustrated notes

Levels and vault maps discovered:
D:1:      sevenhm_arrival_forest_fort_large_2, layout_basic
D:2:      kennysheep_big_flooded_room, layout_loops_ring, tso_oasis_becter,
          grunt_dithmenos_smoke
D:3:      layout_rooms, lemuel_round_altar
D:4:      layout_cave_pods, zin_statuary, minitemple, uniq_pikel
D:5:      layout_loops_corners, serial_aquarium, aquarium_bridge_square
          [aquarium_subvault_wall, aquarium_subvault_window,
          aquarium_subvault_bridge, aquarium_subvault_wall],
          aquarium_bridge_square [aquarium_subvault_bridge,
          aquarium_subvault_window, aquarium_subvault_bridge,
          aquarium_subvault_balcony], aquarium_window_1, aquarium_window_2,
          aquarium_window_2, aquarium_window_corridor_3, aquarium_view_2d,
          kennysheep_cluttered_room, nemelex_lonely_heart_becter
D:6:      layout_loops_ring, trog_wizard
D:7:      layout_basic, minmay_temple_entry_drinking_statues, serial_shops,
          nicolae_shop_window_shopping
D:8:      layout_basic, kiku_gazebo_pond_becter, okawaru_gym_becter
D:9:      layout_cave_pools, serial_shops, nicolae_shop_crystal,
          gammafunk_ghost_arena, basic_altar, chequers_garden,
          jmf_multi_god_temple, uniq_harold, uniq_joseph, uniq_erica
D:10:     layout_roguey [special_room_orc]
D:11:     layout_irregular_city, david_lair_generic, orc_0_dummy, uniq_erolcha
D:12:     layout_loops_ring, serial_shops, kennysheep_mini_moat,
          grunt_decor_junction, drop_trap
Lair:1:   layout_loops_ring, uniq_urug, uniq_maggie

Skill      XL: |  1  2  3  4  5  6  7  8  9 10 11 12 |
---------------+-------------------------------------+-----
Armour         | 3 5 6 7 8 9 10 11 | 11.2
Axes           | 4 5 6 7 8 10 12 | 12.5
Dodging        | 3 4 6 7 8 |  8.6
Fighting       | 4 5 7 8 9 10 | 10.1
Stealth        | |  0.9
Evocations     | |  0.1

Action                   |  1- 3 |  4- 6 |  7- 9 | 10-12 || total
-------------------------+-------+-------+-------+-------++-------
Melee: Hand axe          |    71 |    57 |       |       ||   128
       Kick              |    11 |    15 |    62 |    81 ||   169
       Peck              |     8 |     7 |    41 |    42 ||    98
       War axe           |       |    17 |   229 |   200 ||   446
       Battleaxe         |       |       |       |    79 ||    79
Invok: Berserk           |     2 |     3 |    11 |    18 ||    34
       Brothers in Arms  |       |       |       |     5 ||     5
       Trog's Hand       |       |       |       |     3 ||     3
 Abil: Fly               |       |       |     1 |       ||     1
Evoke: Wand              |       |       |       |     1 ||     1
  Use: Scroll            |       |     7 |     4 |     3 ||    14
       Potion            |       |       |       |     3 ||     3
Armor: Animal skin       |     3 |       |       |       ||     3
       Ring mail         |    16 |    23 |       |       ||    39
       Chain mail        |       |     5 |    80 |       ||    85
       Plate armour      |       |       |    19 |   142 ||   161
Dodge: Dodged            |    56 |    48 |   121 |   172 ||   397

Table legend: (Time is in decaauts)
 A = Elapsed time spent in this place.
 B = Non-inter-level travel time spent in this place.
 C = Inter-level travel time spent in this place.
 D = Time resting spent in this place.
 E = Time spent auto-exploring this place.
 F = Levels seen in this place.
 G = Mean time per level.
                   A        B        C        D        E       F      G
               +--------+--------+--------+--------+--------+-----+--------+
         Total |  12362 |  11996 |    366 |   1812 |   8329 |  13 |  950.9 |
       Dungeon |  11922 |  11556 |    366 |   1513 |   8246 |  12 |  993.5 |
          Lair |    439 |    439 |      0 |    299 |     82 |   1 |  439.0 |
               +--------+--------+--------+--------+--------+-----+--------+

Top non-repeatable levels by time:
    D:11: 1510 daAuts
     D:9: 1447 daAuts
     D:5: 1423 daAuts
    D:10: 1134 daAuts
     D:4: 1064 daAuts
     D:1: 1010 daAuts
     D:2: 971 daAuts
     D:8: 965 daAuts
     D:6: 868 daAuts
     D:7: 823 daAuts
     D:3: 675 daAuts
  Lair:1: 439 daAuts
    D:12: 28 daAuts
